 Dungeon Crawl Stone Soup version 0.30.1-9-gdf580d7c3d (webtiles) character file.

Game seed: 15054175318566892894

36 leafyfresh the Sneak (level 3, 0/33 HPs)
             Began as a Minotaur Delver on Oct 26, 2023.
             Slain by an orc wizard
             ... wielding a +0 dagger
              (3 damage)
             ... on level 5 of the Dungeon.
             The game lasted 00:00:26 (54 turns).

leafyfresh the Sneak (Minotaur Delver)                Turns: 54, Time: 00:00:27

Health: 0/33       AC:  3    Str: 18    XL:     3   Next: 19%
Magic:  2/2        EV: 12    Int:  7    God:
Gold:   9          SH:  0    Dex: 11    Spells: 2/2 levels left

rFire   . . .        a - +0 short sword
rCold   . . .        (no shield)
rNeg    . . .        b - +0 leather armour
rPois   .            (helmet restricted)
rElec   .            (no cloak)
rCorr   .            (no gloves)
SInv    .            (no boots)
Will    .....        (no amulet)
Stlth   ++           (no ring)
HPRegen 0.25/turn    (no ring)
MPRegen 0.08/turn

%: no passive effects
@: no status effects
A: horns 2, retaliatory headbutt
a: no special abilities


You were on level 5 of the Dungeon.
You visited 1 branch of the dungeon, and saw 1 of its levels.

You collected 9 gold pieces.

Inventory:

Hand Weapons
 a - a +0 short sword (weapon)
Armour
 b - a +0 leather armour (worn)
Wands
 g - a wand of digging (3)
 h - a wand of flame (24)
Scrolls
 c - a scroll of fog
 d - a scroll of magic mapping
 e - a scroll of fear
Potions
 f - a potion of haste
 i - 2 potions of attraction {unknown}


   Skills:
 + Level 4.1 Fighting
 + Level 2.7 Short Blades
 + Level 2.8 Dodging
 + Level 4.3 Stealth


You had 2 spell levels left.
You didn't know any spells.
Your spell library was empty.

Dungeon Overview and Level Annotations

Branches:
Dungeon (5/15)
 Temple: D:4-7

Altars:


Innate Abilities, Weirdness & Mutations

You have a pair of horns on your head.
You reflexively headbutt those who attack you in melee.


Message History

The orc wizard points at you and mumbles some strange words.
You are confused.
The orc wizard hits you with a +0 dagger.
You bump into the rock wall.
The orc wizard hits you but does no damage.
The orc wizard hits you with a +0 dagger.
You're too confused to move!
The orc wizard points at you and mumbles some strange words.
The magic dart hits you.
Things that are here:
a +0 falchion; an orc corpse The orc wizard attacks as you move away!
The orc wizard hits you with a +0 dagger.
You feel less confused.
You completely miss the orc wizard.
The orc wizard hits you with a +0 dagger.
You hit the orc wizard.
The orc wizard is moderately wounded.
The orc wizard hits you with a +0 dagger.
You completely miss the orc wizard. Your headbutt misses the orc wizard.
The orc wizard is moderately wounded.
The orc wizard misses you.
You hit the orc wizard.
The orc wizard is heavily wounded.
The orc wizard barely misses you. You furiously retaliate!
You headbutt the orc wizard. You barely miss the orc wizard.
The orc wizard is severely wounded.
You closely miss the orc wizard.
The orc wizard is severely wounded.
The orc wizard hits you with a +0 dagger.
* * * LOW HITPOINT WARNING * * *
You hit the orc wizard but do no damage.
The orc wizard is severely wounded.
The orc wizard hits you with a +0 dagger.
* * * LOW HITPOINT WARNING * * *
You hit the orc wizard but do no damage.
The orc wizard is severely wounded.
The orc wizard hits you with a +0 dagger.
You die...

.. .# #.. ..# #.#
.### #.# ###.. ##.##
##..^##...#
.......†..#.#
#........#.#
###.##)@.#.#.#
#.##)o...#.#
#.#........#..
.....###..#.#.#
..........#.#.#
.....###..#.#.######
.............!..o.oo
. ....##......#####
###..#............


You could see an orc wizard.

Vanquished Creatures
  A hound (D:5)
  3 orcs (D:5)
4 creatures vanquished.

Notes
Turn   | Place    | Note
-------+----------+-------------------------------------------
     0 | D:5      | leafyfresh the Minotaur Delver began the quest for the Orb.
     0 | D:5      | Reached XP level 1. HP: 19/19 MP: 0/0
    10 | D:5      | Noticed an orc wizard
    16 | D:5      | Noticed a hound
    29 | D:5      | Killed a hound
    30 | D:5      | Reached XP level 2. HP: 19/27 MP: 1/1
    30 | D:5      | Reached XP level 3. HP: 23/33 MP: 2/2
    54 | D:5      | Slain by an orc wizard

Illustrated notes

Levels and vault maps discovered:
D:5:      layout_basic, mainiacjoe_overflow_catwalk, led_sif_pool,
          gammafunk_ghost_hive, kennysheep_generic_room_9

Skill      XL: |  1 |
---------------+----+-----
Fighting       | 4 |  4.1
Short Blades   | |  2.7
Dodging        | |  2.8
Stealth        | |  4.3

Action                     || total
---------------------------++-------
  Melee: Short sword       ||    26
         Headbutt          ||     1
 Armour: Leather armour    ||     4
  Dodge: Dodged            ||    14
